3AA
BETHESDA ATOMS @ SQUIRREL HILL PIEROGIS
07/30/2041
 
TOP OF THE 1ST
Bethesda Atoms batting - Pitching for Squirrel Hill Pierogis : LHP Javier Vallejo
Pitching: LHP Javier Vallejo
Batting: RHB Jorge Gardella 0-0: Ball
1-0: Foul Ball, location: 2F
1-1: Foul Ball, location: 2F
1-2: Ground out 4-3 (Groundball, 4, EV 107.5 MPH)
Batting: LHB Ethan Duffy 0-0: SINGLE (Flyball, 9S, EV 90.6 MPH)
Batting: RHB Byron Shadix 0-0: Ball
1-0: Ball
2-0: Foul Ball, location: 2F
2-1: Called Strike
2-2: Ball
3-2: Base on Balls
Ethan Duffy to second
Batting: LHB Ayub Kuthakwakulu 0-0: Ball
1-0: Ball
2-0: Called Strike
2-1: Ball
3-1: Base on Balls
Ethan Duffy to third
Byron Shadix to second
Batting: RHB Juan Vázquez 0-0: Ball
1-0: Ball
2-0: Ball
3-0: Called Strike
3-1: Fielders Choice at 2nd, 6-4 (Groundball, 6, EV 102.5 MPH)
Ethan Duffy scores
Byron Shadix to third
Batting: LHB Vicente Torres 0-0: Ball
1-0: Foul Ball, location: 2F
1-1: Called Strike
1-2: Strikes out swinging
Top of the 1st over - 1 run, 1 hit, 0 errors, 2 left on base; Bethesda 1 - Squirrel Hill 0
BOTTOM OF THE 1ST
Squirrel Hill Pierogis batting - Pitching for Bethesda Atoms : RHP Zhenya Gospodyni
Pitching: RHP Zhenya Gospodyni
Batting: LHB Luis Escribano 0-0: Ball
1-0: Ball
2-0: Called Strike
2-1: Ground out U3 (Groundball, 34, EV 106.9 MPH)
Batting: SHB Aubrey Magee 0-0: Ball
1-0: Called Strike
1-1: Swinging Strike
1-2: Foul Ball, location: 2F
1-2: Ball
2-2: Hit by Pitch
Batting: LHB Adam Bisset 0-0: Ground out U3 (Groundball, 34S, EV 71.9 MPH)
Aubrey Magee to second
Batting: RHB Jerry Williams 0-0: Called Strike
0-1: Foul Ball, location: 2F
0-2: Ball
1-2: Foul Ball, location: 2F
1-2: Foul Ball, location: 2F
1-2: Foul Ball, location: 2F
1-2: Ground out 1-3 (Groundball, P, EV 85.0 MPH)
Bottom of the 1st over - 0 runs, 0 hits, 0 errors, 1 left on base; Bethesda 1 - Squirrel Hill 0
TOP OF THE 2ND
Bethesda Atoms batting - Pitching for Squirrel Hill Pierogis : LHP Javier Vallejo
Batting: RHB John Lester 0-0: Ball
1-0: Fly out, F9 (Line Drive, 9, EV 85.6 MPH)
Batting: LHB Xiao-gang Qing 0-0: Called Strike
0-1: Foul Ball, location: 2F
0-2: Ball
1-2: Foul Ball, location: 2F
1-2: Strikes out looking
Batting: LHB Walt Davis 0-0: Ball
1-0: Foul Ball, location: 2F
1-1: Ball
2-1: Reached on error, E4 (Groundball, 4, EV 103.1 MPH)
Batting: RHB Jorge Gardella 0-0: Called Strike
0-1: Ball
1-1: Ball
2-1: Foul Ball, location: 2F
2-2: Strikes out swinging
Top of the 2nd over - 0 runs, 0 hits, 1 error, 1 left on base; Bethesda 1 - Squirrel Hill 0
BOTTOM OF THE 2ND
Squirrel Hill Pierogis batting - Pitching for Bethesda Atoms : RHP Zhenya Gospodyni
Batting: SHB Ron Carlisle 0-0: DOUBLE (Groundball, 3L, EV 108.1 MPH)
Batting: RHB Franck Morel 0-0: Called Strike
0-1: Swinging Strike
0-2: Ground out 4-3 (Groundball, 4M, EV 106.9 MPH)
Ron Carlisle to third
Batting: RHB Koi-sho Xú 0-0: Ball
1-0: Called Strike
1-1: Called Strike
1-2: Ball
2-2: Ball
3-2: SINGLE (Line Drive, 78M, EV 103.1 MPH)
Ron Carlisle scores
Batting: LHB Ramiro Palmeiro 0-0: Ball
1-0: Swinging Strike
1-1: Called Strike
1-2: Strikes out swinging
Batting: SHB Jason Pratt 0-0: TRIPLE (Groundball, 3L, EV 107.5 MPH)
Koi-sho Xú scores
Batting: LHB Luis Escribano 0-0: Ball
1-0: Swinging Strike
1-1: Ball
2-1: Foul Ball, location: 2F
2-2: Strikes out swinging
Bottom of the 2nd over - 2 runs, 3 hits, 0 errors, 1 left on base; Bethesda 1 - Squirrel Hill 2
TOP OF THE 3RD
Bethesda Atoms batting - Pitching for Squirrel Hill Pierogis : LHP Javier Vallejo
Batting: LHB Ethan Duffy 0-0: Foul Ball, location: 2F
0-1: Foul Ball, location: 2F
0-2: Strikes out swinging
Batting: RHB Byron Shadix 0-0: Ball
1-0: Ground out 4-3 (Groundball, 4, EV 78.8 MPH)
Batting: LHB Ayub Kuthakwakulu 0-0: Foul Ball, location: 2F
0-1: Ball
1-1: SINGLE (Line Drive, 4MD, EV 93.8 MPH)
Batting: RHB Juan Vázquez 0-0: Ball
1-0: Ball
2-0: Ball
3-0: Base on Balls
Ayub Kuthakwakulu to second
Batting: LHB Vicente Torres 0-0: Ground out 4-3 (Groundball, 4, EV 83.1 MPH)
Top of the 3rd over - 0 runs, 1 hit, 0 errors, 2 left on base; Bethesda 1 - Squirrel Hill 2
BOTTOM OF THE 3RD
Squirrel Hill Pierogis batting - Pitching for Bethesda Atoms : RHP Zhenya Gospodyni
Batting: SHB Aubrey Magee 0-0: Ground out 3-1 (Groundball, 34, EV 86.2 MPH)
Batting: LHB Adam Bisset 0-0: Ball
1-0: Ball
2-0: SINGLE (Groundball, 25, EV 71.9 MPH) (infield hit)
Batting: RHB Jerry Williams 0-0: Foul Ball, location: 2F
0-1: Foul Ball, location: 2F
0-2: Fly out, F9 (Flyball, 89D, EV 103.8 MPH)
Batting: SHB Ron Carlisle 0-0: Ball
1-0: Foul Ball, location: 2F
1-1: Called Strike
1-2: Foul Ball, location: 2F
1-2: Strikes out swinging
Bottom of the 3rd over - 0 runs, 1 hit, 0 errors, 1 left on base; Bethesda 1 - Squirrel Hill 2
TOP OF THE 4TH
Bethesda Atoms batting - Pitching for Squirrel Hill Pierogis : LHP Javier Vallejo
Batting: RHB John Lester 0-0: Ball
1-0: Ball
2-0: SINGLE (Flyball, 7S, EV 90.6 MPH)
Batting: LHB Xiao-gang Qing 0-0: Ball
1-0: Ball
2-0: Swinging Strike
2-1: Foul Ball, location: 2F
2-2: Ball
3-2: Foul Ball, location: 2F
3-2: Fly out, F7 (Flyball, 7LM, EV 95.6 MPH)
Batting: LHB Walt Davis 0-0: Foul Ball, location: 2F
0-1: Ball
1-1: Ball
2-1: Foul Ball, location: 2F
2-2: Foul Ball, location: 2F
2-2: Foul Ball, location: 2F
2-2: Strikes out swinging
Batting: RHB Jorge Gardella 0-0: Swinging Strike
0-1: Foul Ball, location: 2F
0-2: Strikes out swinging
Top of the 4th over - 0 runs, 1 hit, 0 errors, 1 left on base; Bethesda 1 - Squirrel Hill 2
BOTTOM OF THE 4TH
Squirrel Hill Pierogis batting - Pitching for Bethesda Atoms : RHP Zhenya Gospodyni
Batting: RHB Franck Morel 0-0: Foul Ball, location: 2F
0-1: Foul Ball, location: 2F
0-2: SINGLE (Groundball, 6MD, EV 100.0 MPH)
Batting: RHB Koi-sho Xú 0-0: Called Strike
0-1: Swinging Strike
0-2: Ball
1-2: Ball
2-2: Strikes out swinging
Batting: LHB Ramiro Palmeiro 0-0: Swinging Strike
0-1: Fly out, F7 (Flyball, 78D, EV 106.9 MPH)
Batting: SHB Jason Pratt 0-0: Ball
1-0: Called Strike
1-1: Ball
2-1: Ball
3-1: 2-RUN HOME RUN (Flyball, 89XD, EV 95.6 MPH), Distance : 406 ft
Pitching: RHP Kang-keun Yong
Batting: LHB Luis Escribano 0-0: Swinging Strike
0-1: Ball
1-1: Ground out 1-3 (Groundball, 13, EV 83.1 MPH)
Bottom of the 4th over - 2 runs, 2 hits, 0 errors, 0 left on base; Bethesda 1 - Squirrel Hill 4
TOP OF THE 5TH
Bethesda Atoms batting - Pitching for Squirrel Hill Pierogis : LHP Javier Vallejo
Batting: LHB Ethan Duffy 0-0: Foul Ball, location: 2F
0-1: Swinging Strike
0-2: Ball
1-2: Ball
2-2: Ball
3-2: Fly out, F8 (Flyball, 8RS, EV 85.0 MPH)
Batting: RHB Byron Shadix 0-0: Ball
1-0: Ball
2-0: Foul Ball, location: 2F
2-1: Called Strike
2-2: Ball
3-2: Strikes out swinging
Batting: LHB Ayub Kuthakwakulu 0-0: Ball
1-0: Ball
2-0: Called Strike
2-1: Foul Ball, location: 2F
2-2: Fly out, F7 (Line Drive, 7S, EV 92.5 MPH)
Top of the 5th over - 0 runs, 0 hits, 0 errors, 0 left on base; Bethesda 1 - Squirrel Hill 4
BOTTOM OF THE 5TH
Squirrel Hill Pierogis batting - Pitching for Bethesda Atoms : RHP Kang-keun Yong
Batting: SHB Aubrey Magee 0-0: Ball
1-0: Ball
2-0: Swinging Strike
2-1: Ground out 6-3 (Groundball, 6, EV 83.8 MPH)
Batting: LHB Adam Bisset 0-0: Foul Ball, location: 2F
0-1: Ball
1-1: Fly out, F5 (Popup, 56S, EV 73.8 MPH)
Batting: RHB Jerry Williams 0-0: Called Strike
0-1: Ball
1-1: Ball
2-1: SINGLE (Line Drive, 8RS, EV 106.2 MPH)
Batting: SHB Ron Carlisle 0-0: Foul Ball, location: 2F
0-1: Ball
1-1: Reached on error, E4 (Groundball, 4, EV 105.0 MPH)
Jerry Williams to second
Batting: RHB Franck Morel 0-0: Called Strike
0-1: Ball
1-1: Ball
2-1: Foul Ball, location: 2F
2-2: Strikes out swinging
Bottom of the 5th over - 0 runs, 1 hit, 1 error, 2 left on base; Bethesda 1 - Squirrel Hill 4
TOP OF THE 6TH
Bethesda Atoms batting - Pitching for Squirrel Hill Pierogis : LHP Javier Vallejo
Pitching: RHP Juan Valseca
Batting: RHB Juan Vázquez 0-0: Called Strike
0-1: Ground out 6-3 (Groundball, 6S, EV 89.4 MPH)
Batting: LHB Vicente Torres 0-0: Called Strike
0-1: Foul Ball, location: 2F
0-2: Foul Ball, location: 2F
0-2: Ball
1-2: Strikes out swinging
Batting: RHB John Lester 0-0: Ball
1-0: Foul Ball, location: 2F
1-1: Ball
2-1: Foul Ball, location: 2F
2-2: Strikes out swinging
Top of the 6th over - 0 runs, 0 hits, 0 errors, 0 left on base; Bethesda 1 - Squirrel Hill 4
BOTTOM OF THE 6TH
Squirrel Hill Pierogis batting - Pitching for Bethesda Atoms : RHP Kang-keun Yong
Batting: RHB Koi-sho Xú 0-0: Swinging Strike
0-1: Ball
1-1: Swinging Strike
1-2: Strikes out swinging
Batting: LHB Ramiro Palmeiro 0-0: Foul Ball, location: 2F
0-1: Swinging Strike
0-2: Ball
1-2: Foul Ball, location: 2F
1-2: SINGLE (Line Drive, 9LS, EV 100.0 MPH)
Batting: SHB Jason Pratt 0-0: Ball
1-0: Called Strike
1-1: SINGLE (Groundball, 34D, EV 95.0 MPH)
Ramiro Palmeiro to second
Runner from 2nd tries for 3rd, SAFE, no throw by RF
Batting: LHB Luis Escribano 0-0: Called Strike
0-1: Ball
1-1: Ball
2-1: SINGLE (Groundball, 3, EV 81.9 MPH) (infield hit)
Ramiro Palmeiro scores
Jason Pratt to second
Batting: SHB Aubrey Magee 0-0: Swinging Strike
0-1: SINGLE (Line Drive, 78S, EV 90.0 MPH)
Jason Pratt to third
Luis Escribano to second
Batting: LHB Adam Bisset 0-0: Called Strike
0-1: Foul Ball, location: 2F
0-2: Strikes out swinging
Batting: RHB Jerry Williams 0-0: Called Strike
0-1: Ball
1-1: Ball
2-1: Ball
3-1: Base on Balls
Jason Pratt scores
Luis Escribano to third
Aubrey Magee to second
Batting: SHB Ron Carlisle 0-0: Called Strike
0-1: Ball
1-1: Foul Ball, location: 2F
1-2: Ball
2-2: Fly out, F6 (Popup, 4MS, EV 60.6 MPH)
Bottom of the 6th over - 2 runs, 4 hits, 0 errors, 3 left on base; Bethesda 1 - Squirrel Hill 6
TOP OF THE 7TH
Bethesda Atoms batting - Pitching for Squirrel Hill Pierogis : RHP Juan Valseca
Batting: LHB Xiao-gang Qing 0-0: Ball
1-0: Ball
2-0: DOUBLE (Line Drive, 78M, EV 103.1 MPH)
Batting: LHB Walt Davis 0-0: SINGLE (Line Drive, 56D, EV 96.9 MPH)
Xiao-gang Qing to third
Batting: RHB Jorge Gardella 0-0: Called Strike
0-1: Ball
1-1: Foul Ball, location: 2F
1-2: Fly out, F8 (Line Drive, 8LM, EV 90.6 MPH)
Batting: LHB Ethan Duffy 0-0: Called Strike
0-1: Fly out, F7 (Flyball, 7LS, EV 93.1 MPH)
Batting: RHB Byron Shadix 0-0: Foul Ball, location: 2F
0-1: Foul Ball, location: 2F
0-2: Strikes out swinging
Top of the 7th over - 0 runs, 2 hits, 0 errors, 2 left on base; Bethesda 1 - Squirrel Hill 6
BOTTOM OF THE 7TH
Squirrel Hill Pierogis batting - Pitching for Bethesda Atoms : RHP Kang-keun Yong
Batting: RHB Franck Morel 0-0: Ground out 3-1 (Groundball, 34, EV 108.1 MPH)
Batting: RHB Koi-sho Xú 0-0: Ball
1-0: Ball
2-0: Ball
3-0: Base on Balls
Pitching: LHP Armando Álvarez
Batting: LHB Ramiro Palmeiro 0-0: Grounds into double play, 6-4-3 (Groundball, 6S, EV 80.6 MPH)
Bottom of the 7th over - 0 runs, 0 hits, 0 errors, 0 left on base; Bethesda 1 - Squirrel Hill 6
TOP OF THE 8TH
Bethesda Atoms batting - Pitching for Squirrel Hill Pierogis : RHP Juan Valseca
Batting: LHB Ayub Kuthakwakulu 0-0: Ball
1-0: Ball
2-0: Fly out, F8 (Line Drive, 8LM, EV 101.9 MPH)
Batting: RHB Juan Vázquez 0-0: Called Strike
0-1: Ball
1-1: Ball
2-1: Ball
3-1: Base on Balls
Batting: LHB Vicente Torres 0-0: SINGLE (Flyball, 78S, EV 85.0 MPH)
Juan Vázquez to second
Batting: RHB John Lester 0-0: Called Strike
0-1: Swinging Strike
0-2: Ball
1-2: Fielders Choice at 2nd, 4-6 (Groundball, 4, EV 111.9 MPH)
Juan Vázquez to third
Batting: LHB Xiao-gang Qing 0-0: Ball
1-0: Foul Ball, location: 2F
1-1: Called Strike
1-2: Foul Ball, location: 2F
1-2: Ball
2-2: Strikes out swinging
Top of the 8th over - 0 runs, 1 hit, 0 errors, 2 left on base; Bethesda 1 - Squirrel Hill 6
BOTTOM OF THE 8TH
Squirrel Hill Pierogis batting - Pitching for Bethesda Atoms : LHP Armando Álvarez
Batting: SHB Jason Pratt 0-0: Ball
1-0: Ball
2-0: Called Strike
2-1: Ground out 6-3 (Groundball, 6, EV 84.4 MPH)
Batting: LHB Luis Escribano 0-0: DOUBLE (Line Drive, 78M, EV 96.2 MPH)
Batting: SHB Aubrey Magee 0-0: Called Strike
Luis Escribano steals 3rd base
0-1: Swinging Strike
0-2: Ball
1-2: Foul Ball, location: 2F
1-2: Fly out, F2 (Popup, 2LF, EV 83.1 MPH)
Batting: LHB Adam Bisset 0-0: Ball
1-0: Ball
2-0: Fly out, F8 (Flyball, 8RM, EV 91.9 MPH)
Bottom of the 8th over - 0 runs, 1 hit, 0 errors, 1 left on base; Bethesda 1 - Squirrel Hill 6
TOP OF THE 9TH
Bethesda Atoms batting - Pitching for Squirrel Hill Pierogis : RHP Juan Valseca
Batting: LHB Walt Davis 0-0: Called Strike
0-1: Ball
1-1: Called Strike
1-2: Ball
2-2: Ball
3-2: Fly out, F9 (Line Drive, 9, EV 107.5 MPH)
Pitching: RHP Millard Smith
Batting: RHB Jorge Gardella 0-0: Ground out 6-3 (Groundball, 6, EV 103.8 MPH)
Batting: LHB Ethan Duffy 0-0: Ball
1-0: SINGLE (Line Drive, 3D, EV 105.0 MPH)
Batting: RHB Byron Shadix 0-0: Called Strike
0-1: Fly out, F8 (Flyball, 8RM, EV 93.1 MPH)
Top of the 9th over - 0 runs, 1 hit, 0 errors, 1 left on base; Bethesda 1 - Squirrel Hill 6
Tuesday, January 5th, 2021 - OOTP Baseball 20.8 Build 74